 Dungeon Crawl Stone Soup version 0.23-a0-386-g9c9d49f (webtiles) character file.

264768 Amnesiac the Imperceptible (level 19, -13/102 HPs)
             Began as a Spriggan Enchanter on Oct 28, 2018.
             Was the Champion of Dithmenos.
             Killed by the air
             ... invoked by a spriggan air mage
              (15 damage)
             ... on level 5 of the Depths.
             The game lasted 02:05:20 (37156 turns).

Amnesiac the Imperceptible (Spriggan Enchanter)    Turns: 37156, Time: 02:05:20

Health: -13/102    AC: 12    Str:  4    XL:     19   Next: 66%
Magic:  30/39      EV: 44    Int: 28    God:    Dithmenos [******]
Gold:   246        SH:  8    Dex: 17    Spells: 3/48 levels left

rFire    + + .     SeeInvis +   a - +3 quick blade of Peaphihu {venom, rC+ rN+ Stlth+}
rCold    + + .     Gourm    .   U - +0 buckler
rNeg     + + +     Faith    .   A - +2 robe {rC+ rF+}
rPois    ∞         Spirit   .   (helmet restricted)
rElec    .         Reflect  .   H - +2 cloak {rF+}
rCorr    .         Harm     .   (gloves unavailable)
MR       +++++                  (boots unavailable)
Stlth    ++++++++++             L - amulet of the acrobat
HPRegen  0.27/turn              j - +4 ring of intelligence
MPRegen  0.26/turn              y - +3 ring of protection

@: shadow-form, very slightly contaminated, wreathed by umbra, drained,
invisible, very quick
A: very small, unfitting armour, slimy green scales 1, see invisible, herbivore,
speed 3, slow metabolism 2, no potion heal 1
}: 1/15 runes: abyssal
a: End Transformation, Shadow Step, Shadow Form, Renounce Religion


You were on level 5 of the Depths.
You worshipped Dithmenos.
Dithmenos was exalted by your worship.
You were not hungry.
You were a swirling mass of dark shadows.
You visited 6 branches of the dungeon, and saw 32 of its levels.
You visited the Abyss 1 time.
You also visited: Ice Cave and Volcano.

You collected 3726 gold pieces.
You spent 3480 gold pieces at shops.

Inventory:

Hand Weapons
 a - the +3 quick blade of Peaphihu (weapon) {venom, rC+ rN+ Stlth+}
   (You found it on level 6 of the Lair of Beasts)

   It poisons the flesh of those it strikes.
   It protects you from cold.
   It protects you from negative energy.
   It makes you more stealthy.
 b - a +4 dagger of speed
 e - a +0 dagger of distortion
 M - a +2 rapier of speed
Missiles
 d - 5 throwing nets (quivered)
Armour
 A - a +2 robe of resistance (worn)
 H - a +2 cloak of fire resistance (worn)
 U - a +0 buckler (worn)
Magical Staves
 K - an uncursed staff of air
Jewellery
 j - a +4 ring of intelligence (left hand)
 y - a +3 ring of protection (right hand)
 L - an amulet of the acrobat (around neck)
 S - an uncursed ring of protection from fire
Wands
 i - a wand of digging (13)
 z - a wand of clouds (4)
 E - a wand of iceblast (20)
 G - a wand of enslavement (35)
 R - a wand of acid (9)
 T - a wand of paralysis (14)
Scrolls
 k - 15 scrolls of remove curse {!r}
 n - 2 scrolls of amnesia {!r}
 p - 2 scrolls of fog {!r}
 q - 10 scrolls of magic mapping {!r}
 u - 7 scrolls of identify {!r}
 v - 8 scrolls of teleportation {!r}
 x - a scroll of torment {!r}
 F - 5 scrolls of enchant weapon {!r}
 I - a scroll of fear {!r}
 N - a scroll of brand weapon {!r}
 Q - 2 scrolls of immolation {!r}
Potions
 c - a potion of heal wounds {!q}
 f - 3 potions of haste {!q}
 g - 10 potions of curing {!q}
 h - 5 potions of resistance {!q}
 l - 6 potions of brilliance {!q}
 o - 3 potions of magic {!q}
 r - 4 potions of mutation {!q}
 s - a potion of agility {!q}
 t - 2 potions of berserk rage {!q}
 w - 3 potions of cancellation {!q}
 B - 4 potions of flight {!q}
 J - 4 potions of invisibility {!q}
Miscellaneous
 C - a lamp of fire
 D - a sack of spiders
 O - a lightning rod (4/4)
 P - 4 phantom mirrors
Comestibles
 m - 29 rations


   Skills:
 - Level 12.0(11.2) Fighting
 * Level 12.0(11.3) Short Blades
 - Level 14.0(13.2) Dodging
 + Level 21.7(20.8) Stealth
 - Level 7.2(6.5) Shields
 - Level 15.0(14.2) Spellcasting
 - Level 15.0(14.2) Hexes
 - Level 5.0(4.4) Charms
 - Level 5.0(4.3) Necromancy
 - Level 5.0(4.4) Transmutations
   Level 2.3(1.8) Earth Magic
 - Level 12.0(11.2) Invocations
 - Level 5.0(4.3) Evocations


You had 3 spell levels left.
You knew the following spells:

 Your Spells              Type           Power        Failure   Level  Hunger
a - Ensorcelled Hibernat  Hex/Ice        ##....       1%          2    None
b - Mephitic Cloud        Conj/Pois/Air  #.......     9%          3    None
c - Summon Butterflies    Summ           #.......     2%          1    None
d - Dazzling Spray        Conj/Hex       ##....       1%          3    None
e - Confuse               Hex            ###.....     1%          3    None
f - Invisibility          Hex            ###.....     1%          6    ####...
g - Apportation           Tloc           #.....       2%          1    None
h - Dispel Undead         Necr           ##......     12%         5    #......
j - Sublimation of Blood  Necr           ##........   1%          2    None
l - Summon Mana Viper     Hex/Summ       ##......     4%          5    #......
q - Yara's Violent Unrav  Hex/Tmut       ###.......   1%          5    #......
r - Regeneration          Chrm/Necr      ##........   1%          3    None
v - Blink                 Tloc           N/A          4%          2    None
w - Tukima's Dance        Hex            ###.....     1%          3    None
z - Confusing Touch       Hex            ###...       0%          1    None

Your spell library contained the following spells:

 Spells                   Type           Power        Failure   Level  Hunger
 Corona                   Hex            ###....      0%          1    None
 Animate Skeleton         Necr           N/A          1%          1    None
 Corpse Rot               Necr           N/A          1%          2    None
 Shroud of Golubria       Chrm/Tloc      #.........   1%          2    None
 Portal Projectile        Hex/Tloc       ##....       1%          3    None
 Vampiric Draining        Necr           ##........   1%          3    None
 Freeze                   Ice            #...         2%          1    None
 Magic Dart               Conj           #...         2%          1    None
 Sting                    Conj/Pois      #...         2%          1    None
 Summon Small Mammal      Summ           #...         2%          1    None
 Ozocubu's Armour         Chrm/Ice       #.......     3%          3    None
 Poisonous Vapours        Pois/Air       #.....       4%          2    None
 Searing Ray              Conj           #.....       4%          2    None
 Throw Flame              Conj/Fire      #.....       4%          2    None
 Throw Frost              Conj/Ice       #.....       4%          2    None
 Call Canine Familiar     Summ           #.......     9%          3    None
 Gell's Gravitas          Tloc           #.........   9%          3    None
 Lesser Beckoning         Tloc           #.........   9%          3    None
 Recall                   Summ/Tloc      N/A          9%          3    None
 Teleport Other           Tloc           #.......     9%          3    None
 Cause Fear               Hex            ###.......   1%          4    None
 Fulminant Prism          Conj/Hex       ##........   1%          4    None
 Leda's Liquefaction      Hex/Erth       ###.......   1%          4    None
 Metabolic Englaciation   Hex/Ice        ##........   4%          5    #......
 Silence                  Hex/Air        ##........   4%          5    #......
 Petrify                  Tmut/Erth      #.......     8%          4    None
 Ice Form                 Ice/Tmut       #.......     11%         4    None
 Agony                    Necr           ##......     12%         5    #......
 Excruciating Wounds      Chrm/Necr      ##........   12%         5    #......
 Force Lance              Conj/Tloc      #.......     26%         4    None
 Iskenderun's Mystic Bla  Conj           #.......     26%         4    None
 Olgreb's Toxic Radiance  Pois           #.......     26%         4    None
 Passage of Golubria      Tloc           N/A          26%         4    None
 Sticky Flame             Conj/Fire      #.......     26%         4    None
 Summon Ice Beast         Ice/Summ       #.......     26%         4    None
 Throw Icicle             Conj/Ice       #.......     26%         4    None
 Alistair's Intoxication  Tmut/Pois      #.......     30%         5    #......
 Bolt of Draining         Conj/Necr      #.........   30%         5    #......
 Discord                  Hex            ###.......   45%         8    #######
 Bolt of Magma            Conj/Fire/Erth #.........   52%         5    #......
 Aura of Abjuration       Summ           #.........   58%         5    #......
 Summon Demon             Summ           #.........   58%         5    #......
 Summon Forest            Summ/Tloc      #.........   58%         5    #......
 Venom Bolt               Conj/Pois      #.........   58%         5    #......
 Statue Form              Tmut/Erth      #........    75%         6    ####...
 Deflect Missiles         Chrm/Air       #.........   86%         6    ####...
 Iron Shot                Conj/Erth      #.........   96%         6    ####...
 Bolt of Cold             Conj/Ice       #.........   99%         6    ####...
 Shadow Creatures         Summ           N/A          99%         6    ####...
 Malign Gateway           Summ/Tloc      #.........   100%        7    ######.
 Summon Hydra             Summ           #.........   100%        7    ######.
 Controlled Blink         Tloc           N/A          100%        8    #######
 Shatter                  Erth           #.........   100%        9    #######


Dungeon Overview and Level Annotations

Branches:
Dungeon (15/15)            Temple (1/1) D:6            Lair (6/6) D:11
  Swamp (0/4) Lair:2       Spider (0/4) Lair:2        Slime (0/5) Lair:5
    Orc (2/2) D:9             Elf (3/3) Orc:2        Vaults (0/5) D:14
 Depths (5/5) D:15
    Zot: Depths:5

Altars:
Ashenzari
Dithmenos
Elyvilon
Fedhas
Kikubaaqudgha
Makhleb
Nemelex Xobeh
Okawaru
Qazlal
Ru
Sif Muna
Trog
Uskayaw
Vehumet
Wu Jian
Yredelemnul
Zin
The Shining One
Beogh
Lugonu

Shops:
D:9 *   D:15 *   Orc:1 *   Orc:2 ([[:   Elf:1 =}}   Elf:2 }   Elf:3 (:(
Depths:4 ?[%

Portals:
Hell: Depths:3
Abyss: Depths:4 Depths:5

Annotations:
Depths:4 Boris


Innate Abilities, Weirdness & Mutations

You are very small and have problems with some larger weapons.
You are too small for most types of armour.
You have supernaturally acute eyesight. (SInv)
You are a herbivore.
You cover ground extremely quickly.
You need to consume almost no food.
You are partially covered in slimy green scales. (AC +2)
Potions are less effective at restoring your health.


Message History

The yaktaur unwields a +0 arbalest.
The yaktaur barely misses you.
Casting: Confusing Touch (safe; 0% risk of failure)
Confirm with . or Enter, or press ? or * to list all spells.
Your hands begin to glow red.
The yaktaur captain hits you!!
* * * LOW HITPOINT WARNING * * *
The fire giant misses you.
You hit the fire giant but do no damage.
The fire giant appears confused.
The yaktaur hits you.
* * * LOW HITPOINT WARNING * * *
You hit the fire giant but do no damage.
The fire giant is poisoned.
The spriggan air mage misses you. The yaktaur captain hits you!
* * * LOW HITPOINT WARNING * * *
Really quaff
c - 3 potions of heal wounds {!q}?
Your system partially rejects the healing.
You feel much better.
You flicker back into view.
The yaktaur misses you. The yaktaur captain hits you!!
* * * LOW HITPOINT WARNING * * *
The spriggan air mage completely misses you.
The yaktaur wields a +0 arbalest.
The yaktaur shoots a bolt.
You block the bolt.
You hear a bleat!
You see here a bolt.
Okay, then.
Casting: Confusing Touch (safe; 0% risk of failure)
Confirm with . or Enter, or press ? or * to list all spells.
Okay, then.
Casting: Confusing Touch (safe; 0% risk of failure)
Confirm with . or Enter, or press ? or * to list all spells.
Okay, then.
Unknown command.
Okay, then.
Unknown command.
You turn into a swirling mass of dark shadows.
You feel drained.
You fade into the shadows.
You hear a shout!
The sphinx mumbles some strange words.
Something smites you!
* * * LOW HITPOINT WARNING * * *
You emit a cloud of dark smoke.
You feel drained.
The yaktaur captain wields a +0 arbalest.
The yaktaur captain shoots a bolt.
You block the bolt.
A dream sheep comes into view.
The spriggan air mage barely misses you.
You hear a distant "Zot"!
Really quaff
c - 2 potions of heal wounds {!q}?
Your system partially rejects the healing.
You feel much better.
Your skin stops crawling.
The spriggan air mage hits you!
* * * LOW HITPOINT WARNING * * *
You emit a cloud of dark smoke.
You feel drained.
The yaktaur captain shoots a bolt.
The bolt hits you!!
* * * LOW HITPOINT WARNING * * *
You emit a cloud of dark smoke.
You feel drained.
You hear a bleat!
The sphinx casts a spell.
Something smites you!
* * * LOW HITPOINT WARNING * * *
You emit a cloud of dark smoke.
You feel drained.
The spriggan air mage waves its arms in wide circles.
The air twists around and strikes you!
You die...

### #8###
######∩'.########.
#....#8#)(........
#....###..[.%.....
#....§.W......###
#...§§.§§§(...#
#..§.§§§§§§...#
#...§§iH§.....#
#...§§§§§.C.......
#..§§§§§§.........
#...§§§§cy........
#.......y.........
#.................


You could see a spriggan air mage.

Vanquished Creatures
  Boris (Depths:3)
  A golden dragon (Depths:4)
  Rupert (D:13)
  3 deep elf blademasters
  2 deep elf master archers (Elf:3)
  A storm dragon (Depths:4)
  2 fire giants
  An orc warlord (Orc:1)
  2 frost giants
  5 deep elf sorcerers
  A cacodemon (Abyss:3)
  2 deep elf elementalists (Elf:3)
  3 stone giants
  A very ugly thing (Depths:2)
  9 deep elf demonologists
  5 deep elf annihilators (Elf:3)
  A purple draconian (Depths:5)
  6 dire elephants (Lair:6)
  4 spark wasps
  4 deep elf death magi
  A white draconian (Depths:5)
  3 ettins
  3 fire dragons
  3 great orbs of eyes
  4 deep elf high priests
  7 ogre magi
  2 yaktaur captains
  A spriggan air mage (Depths:2)
  3 rakshasas
  8 vault guards (D:14)
  3 ice dragons
  Erica (D:8)
  12 hydras
  3 centaur warriors
  An anaconda (Lair:6)
  2 orc high priests
  18 two-headed ogres
  4 death yaks (Lair:6)
  A deep troll earth mage (Depths:1)
  8 tengu warriors
  Sonja (Lair:4)
  2 titan skeletons (Depths:3)
  21 deep elf knights
  2 sixfirhies (Abyss:3)
  2 hell knights (Depths:3)
  2 unseen horrors
  A glowing orange brain (D:15)
  8 deep elf archers
  14 deep trolls
  A golden dragon skeleton (Depths:3)
  2 swamp dragons (Lair:4)
  An orb spider (shapeshifter) (D:15)
  An orc knight (D:15)
  3 orc sorcerers
  A harpy (shapeshifter) (Elf:1)
  A necromancer (Depths:3)
  A wolf spider zombie (D:13)
  7 oklob plants
  A shining eye (shapeshifter) (Depths:1)
  6 cyclopes
  13 ugly things
  53 deep elf magi
  A salamander (shapeshifter) (Depths:4)
  A worldbinder (Abyss:3)
  A draconian (Abyss:3)
  A centaur zombie (D:14)
  14 elephants
  2 ice statues (IceCv)
  10 spiny frogs
  A black mamba (Lair:6)
  A smoke demon (Abyss:3)
  4 centaur skeletons
  4 kobold demonologists
  5 yaktaurs
  A gargoyle (Volcano)
  7 komodo dragons
  2 efreet
  A meliai (shapeshifter) (Depths:1)
  3 tengu conjurers (Depths:5)
  4 jumping spiders (Lair:2)
  3 meliai (D:15)
  2 hornets
  A troll (shapeshifter) (D:13)
  6 polar bears
  A sphinx simulacrum (Depths:3)
  4 trolls
  9 hippogriffs
  8 slime creatures
  10 blink frogs (Lair:6)
  A snapping turtle (shapeshifter) (Depths:4)
  12 redbacks
  27 dancing weapons
  A centaur simulacrum (D:13)
  2 air elementals
  3 shadows
  2 wyverns
  4 water elementals
  2 wraiths
  3 fire elementals
  24 yaks
  2 basilisks
  A neqoxec (Abyss:3)
  A human (shapeshifter) (D:15)
  3 hungry ghosts
  2 steam dragons
  6 vampire mosquitoes
  4 wargs
  A large abomination (Abyss:3)
  2 soldier ants
  3 swamp worms (Lair:4)
  An acid dragon (D:11)
  14 water moccasins
  9 porcupines
  3 sky beasts
  A meliai simulacrum (D:15)
  A swamp drake (Lair:4)
  20 orc warriors
  7 black bears
  8 ice beasts
  A black bear (shapeshifter) (D:14)
  6 boggarts (Depths:2)
  2 necrophages
  10 wolves
  32 ogres
  15 centaurs
  13 crocodiles
  2 big kobolds
  23 bullfrogs
  5 earth elementals
  A wyvern skeleton (D:11)
  A water moccasin skeleton (D:8)
  3 scorpions
  15 killer bees
  3 howler monkeys
  3 electric eels
  A lava snake (D:12)
  5 crimson imps
  A wyvern simulacrum (D:14)
  2 quasits
  3 hounds
  5 jellies
  10 orc priests
  3 bullfrog skeletons
  2 gnoll shamans
  18 orc wizards
  4 iguanas
  5 worker ants
  8 gnolls
  12 adders
  4 shadow imps
  3 white imps (Lair:5)
  An adder zombie (D:9)
  An adder skeleton (D:9)
  6 worms
  4 dart slugs
  2 leopard geckos
  62 orcs
  3 ball pythons
  4 giant cockroaches
  5 goblins
  8 hobgoblins
  15 jackals
  12 kobolds
  5 quokkas
  12 bats
  A frilled lizard (D:1)
  A quokka zombie (D:8)
  8 rats
  A lurking horror (Abyss:3)
  4 plants
940 creatures vanquished.

Vanquished Creatures (collateral kills)
  5 two-headed ogres (Orc:2)
  2 ogres (Orc:2)
  4 gnolls
11 creatures vanquished.

Vanquished Creatures (others)
  A deep elf sorcerer (Elf:2)
  A deep elf knight (Elf:1)
  2 deep elf magi
  A yaktaur (Depths:5)
  A shadow (D:15)
  7 dancing weapons
  A centaur (D:12)
  An orc priest (Orc:1)
  49 fungi
  31 plants
  2 starspawn tentacles (Abyss:3)
  A withered plant (D:4)
98 creatures vanquished.

Grand Total: 1049 creatures vanquished

Notes
Turn   | Place    | Note
-------+----------+-------------------------------------------
     0 | D:1      | Amnesiac the Spriggan Enchanter began the quest for the
                  | Orb.
     0 | D:1      | Reached XP level 1. HP: 9/9 MP: 5/5
   236 | D:2      | Reached XP level 2. HP: 13/13 MP: 6/6
   243 | D:2      | Learned a level 2 spell: Ensorcelled Hibernation
   300 | D:2      | Reached skill level 5 in Stealth
   453 | D:3      | Reached XP level 3. HP: 15/16 MP: 8/8
   458 | D:3      | Reached skill level 6 in Stealth
   518 | D:3      | Learned a level 3 spell: Confuse
   852 | D:3      | Reached XP level 4. HP: 21/21 MP: 3/9
   958 | D:3      | Found an iron altar of Okawaru.
  1331 | D:4      | Found an ancient bone altar of Kikubaaqudgha.
  1472 | D:4      | Learned a level 3 spell: Tukima's Dance
  1586 | D:5      | Entered Level 5 of the Dungeon
  1801 | D:4      | Found a sacrificial altar of Ru.
  2134 | D:4      | Reached skill level 7 in Stealth
  2134 | D:4      | Reached XP level 5. HP: 20/24 MP: 1/10
  2281 | D:4      | Found a stormy altar of Qazlal.
  2411 | D:5      | Found a shadowy altar of Dithmenos.
  2418 | D:5      | Became a worshipper of Dithmenos the Shadowed
  2447 | D:5      | Reached skill level 8 in Stealth
  2557 | D:1      | Found a glowing golden altar of the Shining One.
  3085 | D:1      | Reached * piety under Dithmenos
  3576 | D:2      | Reached XP level 6. HP: 28/28 MP: 11/11
  4816 | D:5      | Reached ** piety under Dithmenos
  5096 | D:5      | Reached skill level 5 in Spellcasting
  5096 | D:5      | Reached XP level 7. HP: 14/32 MP: 4/15
  5347 | D:5      | Found a hide-covered altar of Uskayaw.
  5536 | D:5      | Found a deep blue altar of Sif Muna.
  5602 | D:6      | Reached skill level 5 in Short Blades
  5653 | D:6      | Reached skill level 5 in Hexes
  5741 | D:6      | Found a blossoming altar of Fedhas.
  5800 | D:6      | Learned a level 3 spell: Dazzling Spray
  5899 | D:6      | Found a basalt altar of Yredelemnul.
  5915 | D:6      | Found a staircase to the Ecumenical Temple.
  6376 | D:6      | Reached XP level 8. HP: 36/36 MP: 16/16
  6578 | Temple   | Entered the Ecumenical Temple
  6624 | D:7      | Found a radiant altar of Vehumet.
  6625 | D:7      | Found a white marble altar of Elyvilon.
  6728 | D:7      | Found an ornate altar of the Wu Jian Council.
  7266 | D:7      | Reached skill level 1 in Fighting
  7318 | D:7      | Reached skill level 5 in Dodging
  7539 | D:8      | Reached *** piety under Dithmenos
  7564 | D:8      | Noticed a hornet
  7566 | D:8      | Killed a hornet
  7566 | D:8      | Reached XP level 9. HP: 42/42 MP: 15/20
  7630 | D:8      | Noticed Erica
  7635 | D:8      | Killed Erica
  7635 | D:8      | Reached skill level 1 in Invocations
  8048 | D:8      | Found a glowing silver altar of Zin.
  8531 | D:8      | Found a bloodstained altar of Trog.
  8608 | D:9      | Reached XP level 10. HP: 39/49 MP: 14/22
  8653 | D:9      | Found Heisas's Assorted Antiques.
  8661 | D:9      | Bought a scroll labeled SOOMPUW PIUWOI for 19 gold pieces
  8661 | D:9      | Bought a tubular ruby ring for 95 gold pieces
  8665 | D:9      | Got an encrusted short sword
  8666 | D:9      | Identified the +5 short sword of Integrity {drain, rPois
                  | rF++} (You acquired it on level 9 of the Dungeon)
  8712 | D:9      | Noticed a cyclops
  8976 | D:9      | Killed a cyclops
  8978 | D:9      | Reached skill level 5 in Evocations
  9067 | D:9      | Found a staircase to the Orcish Mines.
  9068 | D:9      | Reached skill level 9 in Stealth
  9094 | D:9      | Reached **** piety under Dithmenos
  9173 | D:9      | Noticed a two-headed ogre
  9180 | D:9      | Killed a two-headed ogre
  9180 | D:9      | Reached skill level 10 in Stealth
  9382 | D:10     | Entered Level 10 of the Dungeon
  9387 | D:10     | Reached skill level 11 in Stealth
  9761 | D:10     | Reached skill level 12 in Stealth
  9822 | D:10     | Noticed a two-headed ogre
  9854 | D:10     | Killed a two-headed ogre
  9854 | D:10     | Reached skill level 10 in Hexes
 10406 | D:11     | Noticed an unseen horror
 10655 | D:11     | Killed an unseen horror
 10655 | D:11     | Reached XP level 11. HP: 44/52 MP: 21/23
 10769 | D:11     | Reached skill level 10 in Dodging
 10849 | D:11     | Found a staircase to the Lair.
 10864 | D:11     | Noticed a soul eater
 10879 | D:11     | Noticed a sun demon
 10904 | D:11     | Reached ***** piety under Dithmenos
 10982 | D:11     | Noticed a two-headed ogre
 11009 | D:11     | Killed a two-headed ogre
 11503 | Orc:1    | Entered Level 1 of the Orcish Mines
 11503 | Orc:1    | Noticed a two-headed ogre
 11505 | Orc:1    | Killed a two-headed ogre
 11581 | Orc:1    | Noticed an orc sorcerer
 11607 | Orc:1    | Killed an orc sorcerer
 11690 | Orc:1    | Found Puste's General Store.
 11737 | Orc:1    | Noticed an orc warlord
 11759 | Orc:1    | Reached skill level 13 in Stealth
 11847 | Orc:1    | Killed an orc warlord
 12134 | Orc:1    | Bought a scroll of teleportation for 33 gold pieces
 12134 | Orc:1    | Bought a scroll of teleportation for 33 gold pieces
 12134 | Orc:1    | Bought a potion of heal wounds for 55 gold pieces
 12134 | Orc:1    | Bought a scroll of noise for 11 gold pieces
 12147 | Orc:2    | Entered Level 2 of the Orcish Mines
 12147 | Orc:2    | Noticed an orc high priest
 12148 | Orc:2    | Killed an orc high priest
 12148 | Orc:2    | Reached XP level 12. HP: 58/58 MP: 24/24
 12150 | Orc:2    | Noticed a stone giant
 12783 | Orc:2    | Killed a stone giant
 12809 | Orc:2    | Reached skill level 5 in Fighting
 12863 | Orc:2    | Found a staircase to the Elven Halls.
 12980 | Orc:2    | Noticed a two-headed ogre
 12981 | Orc:2    | Noticed a two-headed ogre
 12982 | Orc:2    | Noticed a two-headed ogre
 13081 | Orc:2    | Reached skill level 14 in Stealth
 13087 | Orc:2    | Noticed a two-headed ogre
 13112 | Orc:2    | Killed a two-headed ogre
 13138 | Orc:2    | Noticed a two-headed ogre
 13146 | Orc:2    | Noticed an ogre mage
 13168 | Orc:2    | Killed a two-headed ogre
 13175 | Orc:2    | Killed a two-headed ogre
 13176 | Orc:2    | Noticed an ogre mage
 13179 | Orc:2    | Killed an ogre mage
 13183 | Orc:2    | Killed an ogre mage
 13192 | Orc:2    | Noticed a two-headed ogre
 13447 | Orc:2    | Noticed a two-headed ogre
 13463 | Orc:2    | Killed a two-headed ogre
 13472 | Orc:2    | Killed a two-headed ogre
 13472 | Orc:2    | Reached skill level 15 in Stealth
 13480 | Orc:2    | Noticed a two-headed ogre
 13486 | Orc:2    | Killed a two-headed ogre
 13497 | Orc:2    | Killed a two-headed ogre
 13542 | Orc:2    | Noticed a two-headed ogre
 13554 | Orc:2    | Killed a two-headed ogre
 13568 | Orc:2    | Killed a two-headed ogre
 13592 | Orc:2    | Noticed a two-headed ogre
 13607 | Orc:2    | Reached ****** piety under Dithmenos
 13610 | Orc:2    | Killed a two-headed ogre
 13686 | Orc:2    | Noticed a two-headed ogre
 13688 | Orc:2    | Noticed an ogre mage
 13737 | Orc:2    | Killed an ogre mage
 13742 | Orc:2    | Killed a two-headed ogre
 13859 | Orc:2    | Noticed an ogre mage
 13873 | Orc:2    | Killed an ogre mage
 13873 | Orc:2    | Reached XP level 13. HP: 59/70 MP: 25/25
 13933 | Orc:2    | Found a roughly hewn altar of Beogh.
 13982 | Orc:2    | Found Kumyqer's Book Emporium.
 13982 | Orc:2    | Found Eseittik's Antique Armour Boutique.
 13986 | Orc:2    | Found Ujocri's Armour Boutique.
 13986 | Orc:2    | Found Gerooxta's Antique Weapon Shoppe.
 14003 | Orc:2    | Bought a +0 cloak for 54 gold pieces
 14053 | Orc:1    | Bought a book of Party Tricks for 550 gold pieces
 14055 | Orc:1    | Learned a level 1 spell: Summon Butterflies
 14057 | Orc:1    | Learned a level 1 spell: Apportation
 14064 | Orc:1    | Learned a level 6 spell: Invisibility
 14256 | Lair:1   | Entered Level 1 of the Lair of Beasts
 15160 | Lair:2   | Got an encrusted falchion
 15195 | Lair:2   | Found a dark tunnel.
 15203 | Volcano  | Entered a volcano
 15323 | Volcano  | Reached skill level 10 in Fighting
 15374 | Lair:2   | Found a staircase to the Swamp.
 15387 | Lair:2   | Found a frozen archway.
 15396 | IceCv    | Entered an ice cave
 15397 | IceCv    | Found a transporter.
 15481 | IceCv    | Found a transporter.
 15701 | Lair:2   | Reached skill level 5 in Invocations
 15812 | Lair:2   | Found a hole to the Spider Nest.
 15974 | Lair:2   | Learned a level 1 spell: Confusing Touch
 15980 | Lair:2   | Learned a level 5 spell: Yara's Violent Unravelling
 16546 | Orc:2    | Bought a runed rapier for 224 gold pieces
 16546 | Orc:2    | Bought a glowing blowgun for 176 gold pieces
 16584 | Elf:1    | Entered Level 1 of the Elven Halls
 17032 | Elf:1    | Reached skill level 1 in Shields
 17064 | Elf:1    | Reached skill level 10 in Spellcasting
 17399 | Elf:1    | Reached XP level 14. HP: 77/77 MP: 26/29
 17752 | Elf:1    | Reached skill level 10 in Short Blades
 18124 | Elf:1    | Found Ucesat's Jewellery Emporium.
 18124 | Elf:1    | Found Fuck's Gadget Boutique.
 18125 | Elf:1    | Found Poryla Ware's Gadget Boutique.
 18134 | Elf:1    | Reached skill level 5 in Shields
 18520 | Elf:2    | Noticed a deep elf sorcerer
 18523 | Elf:2    | Noticed a deep elf sorcerer
 19123 | Elf:2    | Found a huge runed gate.
 19123 | Elf:2    | Found a huge runed gate.
 19123 | Elf:2    | Found a huge runed gate.
 19123 | Elf:2    | Found a huge runed gate.
 19126 | Elf:2    | Found a huge runed gate.
 19387 | Elf:2    | Cast into level 3 of the Abyss (a deep elf sorcerer)
 19440 | Abyss:3  | Learned a level 1 spell: Magic Dart
 19514 | Abyss:3  | Noticed a tentacled starspawn
 19644 | Abyss:3  | Noticed a bone dragon
 19651 | Abyss:3  | Noticed a starcursed mass
 19662 | Abyss:3  | Noticed an ancient lich
 19663 | Abyss:3  | Noticed a Tzitzimitl
 19667 | Abyss:3  | Noticed a cacodemon
 19670 | Abyss:3  | Noticed a red draconian shifter
 19670 | Abyss:3  | Noticed a starcursed mass
 19671 | Abyss:3  | Gained mutation: You are partially covered in slimy green
                  | scales. (AC +2) [a cacodemon]
 19682 | Abyss:3  | Noticed a yellow draconian scorcher
 19690 | Abyss:3  | Noticed a tentacled monstrosity
 19693 | Abyss:3  | Noticed a yellow draconian annihilator
 19715 | Abyss:3  | Gained mutation: Potions are less effective at restoring
                  | your health. [a cacodemon]
 19729 | Abyss:3  | Got an abyssal rune of Zot
 19743 | Abyss:3  | Killed a cacodemon
 19809 | Elf:2    | Escaped the Abyss
 19826 | Elf:2    | Killed a deep elf sorcerer
 19851 | Elf:2    | Killed a deep elf sorcerer
 20238 | Elf:2    | Reached XP level 15. HP: 81/81 MP: 24/30
 20248 | Elf:2    | Reached skill level 16 in Stealth
 20511 | Elf:2    | Found Tananim's Gadget Shoppe.
 20685 | Elf:2    | Noticed a deep elf blademaster
 20692 | Elf:2    | Killed a deep elf blademaster
 20744 | Elf:2    | Reached skill level 17 in Stealth
 21150 | Elf:3    | Identified a paperback manual
 21150 | Elf:3    | Entered Level 3 of the Elven Halls
 21228 | Elf:3    | Noticed a deep elf sorcerer
 21229 | Elf:3    | Noticed a deep elf sorcerer
 21411 | Elf:3    | Reached skill level 18 in Stealth
 21455 | Elf:3    | Found Wezxoasoa's Weapon Shop.
 21457 | Elf:3    | Found Douruost's Book Boutique.
 21459 | Elf:3    | Found Ocot's Antique Weapon Shop.
 21688 | Elf:3    | Noticed a deep elf sorcerer
 21692 | Elf:3    | Noticed a Hell Sentinel
 21926 | Elf:3    | Killed a deep elf sorcerer
 22157 | Elf:3    | Noticed a deep elf sorcerer
 22170 | Elf:3    | Killed a deep elf sorcerer
 22170 | Elf:3    | Reached XP level 16. HP: 66/87 MP: 33/33
 22265 | Elf:3    | Noticed a deep elf master archer
 22320 | Elf:3    | Reached skill level 19 in Stealth
 22500 | Elf:3    | Noticed a deep elf master archer
 22501 | Elf:3    | Noticed a deep elf blademaster
 22502 | Elf:3    | Identified the +6 demon whip of Zynixiu {freeze, Int+3}
 22508 | Elf:3    | Killed a deep elf master archer
 22520 | Elf:3    | Killed a deep elf blademaster
 22678 | Elf:3    | Noticed a deep elf blademaster
 22697 | Elf:3    | Killed a deep elf master archer
 22716 | Elf:3    | Killed a deep elf blademaster
 22740 | Elf:3    | Identified the Volume of Mutagenic Orientation
 22844 | Elf:3    | Identified Sif Muna's Handbook of Icy Dislocation
 22874 | Elf:3    | Identified Kuwapt's Compendium of Glacial Orientation
 22877 | Elf:3    | Identified the Volume of Stolen Souls and Transmutation
 22965 | Elf:3    | Identified Houtt's Almanac of Arcane Weapons and Black
                  | Rituals
 22971 | Elf:3    | Learned a level 3 spell: Regeneration
 22982 | Elf:3    | Learned a level 2 spell: Sublimation of Blood
 23024 | Elf:3    | Reached skill level 1 in Charms
 23037 | Elf:3    | Reached skill level 20 in Stealth
 23203 | D:9      | Learned a level 3 spell: Ozocubu's Armour
 23282 | D:12     | Reached skill level 1 in Necromancy
 24214 | D:13     | Noticed Rupert
 24216 | D:13     | Killed Rupert
 24972 | D:14     | Found a gate to the Vaults.
 26161 | D:14     | Got a scorched mace
 26244 | D:14     | Reached XP level 17. HP: 93/93 MP: 33/35
 26731 | D:15     | Entered Level 15 of the Dungeon
 26872 | D:15     | Found Orghigya's General Store.
 26927 | D:15     | Bought a potion of experience for 850 gold pieces
 26927 | D:15     | Reached XP level 18. HP: 55/98 MP: 32/36
 26977 | D:15     | Reached skill level 5 in Charms
 27350 | D:15     | Reached skill level 21 in Stealth
 28417 | D:15     | Found a staircase to the Depths.
 29216 | Lair:3   | Reached skill level 5 in Transmutations
 29420 | Lair:3   | Reached skill level 5 in Necromancy
 29696 | Lair:3   | Learned a level 5 spell: Dispel Undead
 30222 | Lair:4   | Noticed Sonja
 30230 | Lair:4   | Killed Sonja
 31091 | Lair:5   | Learned a level 5 spell: Summon Mana Viper
 31240 | Lair:5   | Found a staircase to the Slime Pits.
 31724 | Lair:6   | Entered Level 6 of the Lair of Beasts
 32638 | Lair:6   | Reached skill level 15 in Spellcasting
 32682 | Lair:6   | Reached skill level 15 in Hexes
 33671 | Lair:6   | Got a pitted quick blade
 33672 | Lair:6   | Identified the +3 quick blade of Peaphihu {venom, rC+ rN+
                  | Stlth+} (You found it on level 6 of the Lair of Beasts)
 33674 | Lair:6   | Got a dazzling flail
 33790 | Lair:6   | Learned a level 3 spell: Mephitic Cloud
 34904 | Elf:3    | Bought a book of Enchantments for 600 gold pieces
 34904 | Elf:3    | Bought a book of Spatial Translocations for 780 gold pieces
 34908 | Elf:3    | Learned a level 2 spell: Blink
 35130 | Depths:1 | Entered Level 1 of the Depths
 35506 | Depths:2 | Reached XP level 19. HP: 99/102 MP: 33/39
 35569 | Depths:3 | Reached skill level 10 in Invocations
 35579 | Depths:3 | Noticed Boris
 35585 | Depths:3 | Found a gateway to Hell.
 35586 | Depths:3 | Killed Boris
 36549 | Depths:4 | Found a corrupted altar of Lugonu.
 36549 | Depths:4 | Found a one-way gate to the infinite horrors of the Abyss.
 36761 | Depths:4 | Noticed a golden dragon
 36764 | Depths:4 | Killed a golden dragon
 36791 | Depths:4 | Found Etoi's Magic Scroll Boutique.
 36795 | Depths:4 | Found Mon Tet's Antique Armour Shop.
 36795 | Depths:4 | Found Pyarazaw's Food Emporium.
 36830 | Depths:5 | Entered Level 5 of the Depths
 36943 | Depths:4 | Noticed Boris
 37153 | Depths:5 | HP: 2/102 [sphinx/divine providence (5)]
 37156 | Depths:5 | Killed from afar by a spriggan air mage

Vault maps used:
D:1:      dpeg_arrival_court, minmay_misc_feat_diagonals, tso_metal_star
D:2:      minivault_4, corexii_shack
D:3:      first_ration, okawaru_gym_becter
D:4:      kennysheep_mini_moat, kiku_gazebo_garden_becter,
          nicolae_qazlal_eye_of_the_storm
D:5:      lemuel_doored_altar, nicolae_dithmenos_shadow_blocks, led_sif_pool
D:6:      old_standard_altar, old_standard_altar, minmay_temple_entry_nine_rooms
D:7:      grunt_temple_overflow_open, overflow_temple_1_default
D:8:      kennysheep_mini, marbit_many_paths, hangedman_pestilent_swarm,
          st_stairs_12, kennysheep_small_square, uniq_erica
D:9:      minmay_orc_entry_guard_dogs, serial_shops, shop
D:11:     due_lair_maze_entry_diamond
D:12:     nicolae_lava_and_water
D:13:     uniq_rupert
D:14:     wad_mega_maze, erik_vaults_2, minmay_door_square
D:15:     gammafunk_enter_depths_forms, serial_shops, nicolae_shop_behind_doors,
          chequers_jeans
Temple:   eino_temple_lava
Lair:2:   swamp_mist, nicolae_spider_entry_tight_spaces,
          nicolae_volcano_entry_lava_flow, portal_ice_cave_entry_pillars_1,
          chequers_serial_rivers_micro_b, minivault_25,
          cheibrodos_lair_lostbears
Lair:3:   minivault_26, hibernation_bobbens, lemuel_fruit_tree,
          minmay_lair_oklob_chamber
Lair:4:   onia_ninara_swampy_vault, serial_bayou_shore_b, uniq_sonja
Lair:5:   minmay_slime_entry_oklob_open, bobbens_ice_dragon_lair,
          infiniplex_staircase_pool, grunt_megastairs_2
Lair:6:   due_jungle_book, serial_bayou_shore_a, wad_woods_river_01
Orc:1:    serial_shops, shop_fountains
Orc:2:    st_orc_ogre_mass, basic_altar
Elf:1:    minmay_elf_arrival_plus, kennysheep_underground_church, spider_trap,
          minmay_shop_grove
Elf:2:    serial_shops, shop_fountains, grunt_megastairs_4
Elf:3:    grunt_elf_hall_branching, minmay_shop_star
Depths:1: hangedman_stitches_corridor, abyss_entry, grunt_decor_resistance,
          hell_entry, chequers_serial_rivers_micro_a, grunt_ministairs_5,
          minmay_liquid_box, dk_noncrumbling_3, grunt_tower_of_power
Depths:2: kennysheep_blocky_hall, lightli_too_deep, abyss_entry,
          skrybe_limestone_x, minmay_strange_pillars, spider_trap,
          basic_stair_grate_trap, infiniplex_staircase_pool_2
Depths:3: grunt_bruiser_brothers, pan_entry, hangedman_coc_ice_floe,
          chequers_big_river, minmay_staircase_bubble, uniq_boris
Depths:4: gold_lair_mu, enter_ziggurat_a, serial_shops, nicolae_shop_waterfront,
          shop, nicolae_shop_statue_plus, nicolae_shop_statue_plus,
          minmay_misc_feat_alley, hell_entry, abyss_entry_flame_altar,
          infiniplex_staircase_pillars_1, uniq_boris
Depths:5: grunt_x_marks_the_spot, pf_dread_powers_of_hell,
          abyss_entry_small_statue_room, special_room, nrook_pool_corridor
IceCv:    ice_cave_statue_garden_transporter
Volcano:  volcano_overflow

Skill      XL: |  1  2  3  4  5  6  7  8  9 10 11 12 13 14 15 16 17 18 19 |
---------------+----------------------------------------------------------+-----
Short Blades   | 2 3 4 7 8 9 10 12 | 12.0
Stealth        | 5 6 7 8 12 13 15 18 20 21 | 21.7
Spellcasting   | 3 5 6 7 10 12 13 15 | 15.0
Hexes          | 4 5 6 10 11 12 13 15 | 15.0
Dodging        | 7 8 9 14 | 14.0
Fighting       | 2 3 4 9 10 11 12 | 12.0
Invocations    | 4 6 9 12 | 12.0
Evocations     | 4 5 |  5.0
Shields        | 2 7 |  7.2
Charms         | 4 5 |  5.0
Necromancy     | 2 4 5 |  5.0
Transmutations | 3 5 |  5.0
Earth Magic    | 2 |  2.3

Action                   |  1- 3 |  4- 6 |  7- 9 | 10-12 | 13-15 | 16-18 | 19-21 || total
-------------------------+-------+-------+-------+-------+-------+-------+-------++-------
Melee: Dagger            |    99 |   219 |   143 |       |   653 |  1352 |   107 ||  2573
       Short sword       |       |       |       |   517 |    65 |       |       ||   582
       Quick blade       |       |       |       |       |       |       |   149 ||   149
 Cast: Ensorcelled Hiber |     8 |    43 |    56 |    86 |    19 |    86 |    14 ||   312
       Confuse           |     1 |     5 |     3 |    54 |    41 |    25 |     3 ||   132
       Tukima's Dance    |       |     8 |       |    24 |       |     1 |       ||    33
       Dazzling Spray    |       |       |       |    39 |    27 |    19 |       ||    85
       Invisibility      |       |       |       |       |    12 |     8 |     2 ||    22
       Confusing Touch   |       |       |       |       |    40 |   119 |    25 ||   184
       Yara's Violent Un |       |       |       |       |     5 |       |       ||     5
       Magic Dart        |       |       |       |       |       |    35 |       ||    35
       Regeneration      |       |       |       |       |       |     1 |     9 ||    10
Invok: Shadow Step       |       |       |       |       |     2 |     2 |     1 ||     5
       Shadow Form       |       |       |       |       |     2 |       |     1 ||     3
Evoke: Wand              |       |       |       |       |     1 |    13 |       ||    14
       Lightning rod     |       |       |       |       |       |     1 |       ||     1
  Use: Scroll            |     2 |     6 |    10 |     3 |     9 |    11 |     2 ||    43
       Potion            |       |       |     1 |       |     3 |     2 |     3 ||     9
 Stab: Sleeping          |    12 |    46 |    56 |    45 |   110 |   122 |    42 ||   433
       Confused          |     1 |     1 |     1 |    31 |    61 |   158 |    37 ||   290
       Distracted        |       |     1 |       |     1 |     1 |     8 |     1 ||    12
       Invisible         |       |       |       |    12 |    48 |    71 |     7 ||   138
       Fleeing           |       |       |       |       |       |       |     1 ||     1
  Eat: Ration            |       |     3 |     4 |     4 |     4 |     9 |       ||    24
Armor: Robe              |    18 |     7 |     5 |    32 |    20 |    25 |     5 ||   112
Dodge: Dodged            |    95 |   151 |    74 |   435 |   256 |   455 |    91 ||  1557
Block: Buckler           |       |       |       |       |    52 |   145 |    24 ||   221

Table legend:
 A = Non-vault XP
 B = Vault XP
 C = Vault XP percentage of total XP
 D = Non-vault monster count
 E = Vault monster count
 F = Vault count percentage of total count
                 A         B        C        D         E       F
            +---------+---------+-------+---------+---------+-------
      Total |  212412 |  153653 |  42.0 |     718 |     233 |  24.5
            +---------+---------+-------+---------+---------+-------
        D:1 |      48 |       0 |   0.0 |      19 |       0 |   0.0
        D:2 |      62 |       2 |   3.1 |      25 |       1 |   3.8
        D:3 |     101 |       0 |   0.0 |      26 |       0 |   0.0
        D:4 |     132 |       0 |   0.0 |      14 |       0 |   0.0
        D:5 |     421 |       0 |   0.0 |      20 |       0 |   0.0
        D:6 |     714 |       0 |   0.0 |      14 |       0 |   0.0
        D:7 |     967 |       0 |   0.0 |      21 |       0 |   0.0
        D:8 |    1483 |    1466 |  49.7 |      21 |       6 |  22.2
        D:9 |    2345 |     161 |   6.4 |      24 |       1 |   4.0
       D:10 |    2825 |       0 |   0.0 |      22 |       0 |   0.0
       D:11 |    4621 |    1240 |  21.2 |      23 |      10 |  30.3
       D:12 |    4999 |     136 |   2.6 |      29 |       1 |   3.3
       D:13 |    3914 |    2918 |  42.7 |      16 |       1 |   5.9
       D:14 |   10034 |    9291 |  48.1 |      35 |      13 |  27.1
       D:15 |   12395 |    5215 |  29.6 |      37 |       9 |  19.6
     Lair:1 |     679 |       0 |   0.0 |       3 |       0 |   0.0
     Lair:2 |    6298 |    3181 |  33.6 |      22 |      12 |  35.3
     Lair:3 |    4364 |    3019 |  40.9 |      14 |       7 |  33.3
     Lair:4 |    3038 |    6361 |  67.7 |      16 |      13 |  44.8
     Lair:5 |    1036 |    1892 |  64.6 |       6 |       7 |  53.8
     Lair:6 |   26061 |    3584 |  12.1 |      57 |      10 |  14.9
      Orc:1 |    4467 |       0 |   0.0 |      43 |       0 |   0.0
      Orc:2 |    4594 |   13155 |  74.1 |      25 |      36 |  59.0
      Elf:1 |   17573 |    6576 |  27.2 |      34 |      12 |  26.1
      Elf:2 |   23900 |   26265 |  52.4 |      45 |      31 |  40.8
      Elf:3 |   13933 |   41820 |  75.0 |      23 |      28 |  54.9
   Depths:1 |    5533 |    1406 |  20.3 |       8 |       2 |  20.0
   Depths:2 |   10593 |    4062 |  27.7 |      20 |       3 |  13.0
   Depths:3 |   17423 |   13854 |  44.3 |      25 |      13 |  34.2
   Depths:4 |   17896 |       0 |   0.0 |      13 |       0 |   0.0
   Depths:5 |    6584 |    2372 |  26.5 |      10 |       2 |  16.7
    Abyss:3 |    3379 |    1954 |  36.6 |       8 |       2 |  20.0
      IceCv |       0 |    2793 | 100.0 |       0 |      10 | 100.0
    Volcano |       0 |     930 | 100.0 |       0 |       3 | 100.0
            +---------+---------+-------+---------+---------+-------
